 Dungeon Crawl Stone Soup version 0.31.0-11-ge490571c62 (webtiles) character file.

Game seed: 1430333526058845236

114 Esekla the Grasshopper (level 4, 0/23 HPs)
             Began as a Vine Stalker Warper on Jan 30, 2024.
             Killed by divine providence
             ... invoked by an orc priest
              (5 damage)
             ... on level 6 of the Dungeon.
             The game lasted 00:09:33 (1660 turns).

Esekla the Grasshopper (Vine Stalker Warper)        Turns: 1660, Time: 00:09:34

Health: 0/23       AC:  2    Str: 14    XL:     4   Next: 97%
Magic:  0/18       EV: 11    Int: 15    God:
Gold:   123        SH:  4    Dex: 13    Spells: 6/8 levels left

rFire   . . .        a - +0 long sword
rCold   . . .        i - +0 buckler
rNeg    . . .        n - +0 robe
rPois   .            (no helmet)
rElec   .            (no cloak)
rCorr   .            (no gloves)
SInv    .            (no boots)
Will    .....        (no amulet)
Stlth   +            j - ring of magical power
HPRegen 1.03/turn    (no ring)
MPRegen 0.16/turn

%: guardian spirit
@: no status effects
A: fangs 2, regeneration 1, magic shield, antimagic bite, no potion heal 2
a: no special abilities


You were on level 6 of the Dungeon.
You visited 1 branch of the dungeon, and saw 6 of its levels.

You collected 123 gold pieces.

Inventory:

Hand Weapons
 a - a +0 long sword (weapon)
 r - a +0 trident
 s - a +0 dagger
Missiles
 d - 6 darts of dispersal (quivered)
 f - 9 boomerangs
Armour
 i - a +0 buckler (worn)
 n - a +0 robe (worn)
Jewellery
 j - a ring of magical power (left hand)
Scrolls
 b - 3 scrolls of vulnerability {unknown}
 c - a scroll of blinking
 e - 2 scrolls of fog {unknown}
 g - a scroll of summoning {unknown}
 k - a scroll of amnesia {unknown}
 m - 2 scrolls of fear {unknown}
 o - 3 scrolls of identify {unknown}
 p - a scroll of torment {unknown}
Potions
 h - a potion of haste {unknown}
 l - a potion of degeneration {unknown}
 q - a potion of mutation {unknown}


   Skills:
 * Level 2.4 Fighting
 + Level 2.6 Long Blades
 + Level 1.0 Throwing
 - Level 0.7 Armour
 + Level 2.1 Dodging
 + Level 0.5 Stealth
 * Level 0.4 Shields
 * Level 2.8 Spellcasting
 + Level 3.5 Translocations


You had 6 spell levels left.
You knew the following spells:

 Your Spells              Type           Power      Damage    Failure   Level
b - Blink                 Tloc           24%        N/A       10%         2

Your spell library contained the following spells:

 Spells                   Type           Power      Damage    Failure   Level
 Lesser Beckoning         Tloc           24%        N/A       10%         2
 Teleport Other           Tloc           12%        N/A       21%         3
 Manifold Assault         Tloc           12%        N/A       54%         4
 Vhi's Electric Charge    Tloc/Air       14%        N/A       80%         4


Dungeon Overview and Level Annotations

Branches:
Dungeon (6/15)
 Temple: D:4-7

Altars:

Annotations:
D:2 Sigmund


Innate Abilities, Weirdness & Mutations

You have extremely sharp teeth.
Your natural rate of healing is unusually fast.
When hurt, damage is shared between your health and your magic reserves.
Your bite disrupts and absorbs the magic of your enemies.
Potions cannot restore your health.


Message History

There is a stone staircase leading up here.
You barely miss the orc.
The orc shouts!
You bite the orc. You drain its power.
You feel invigorated.
The orc is moderately wounded.
You hear a shout!
You hear a howl!
The orc misses you. The orc barely misses you.
An orc priest comes into view. It is wielding a +0 club.
The orc priest looks satisfied for a moment.
You block the orc's attack.
The orc priest mumbles some strange prayers to Beogh against you.
Beogh smites you!
A howler monkey comes into view.
The orc priest hits you but does no damage.
You hit the orc priest. You bite the orc priest. You drain its power.
You feel invigorated.
The orc priest is heavily wounded.
The orc priest misses you. The orc barely misses you.
The howler monkey hoots and howls with incredible vigour!
You closely miss the orc priest. Your bite misses the orc priest.
The orc priest is heavily wounded.
The orc priest invokes the aid of Beogh against you.
Beogh smites you! The orc hits you with a +0 flail!
* * * LOW HITPOINT WARNING * * *
You barely miss the orc priest. You bite the orc priest. You drain its power.
You feel invigorated.
The orc priest is heavily wounded.
The orc priest hits you with a +0 club.
* * * LOW HITPOINT WARNING * * *
The orc hits you with a +0 flail.
* * * LOW HITPOINT WARNING * * *
You block the orc priest's attack.
Okay, then.
Okay, then.
Blink to where?
Press: ? - help, Dir - move target
As you read the scroll of blinking, it crumbles to dust.
The orc priest invokes the aid of Beogh against you.
Beogh smites you!
You die...

.........#
.#######.# #.#
#####.### #.......#
#.###.#.# # #.#
#h#.# #.###.###o#.#
#...)@o.ยง.#..$..o..
######.##########.##
#......# #.####.#
#.# #.# #.####.##
#.##....##
#........####
#...........+


You could see an orc priest and an orc.

Vanquished Creatures
  A hound (D:3)
  Jessica (D:3)
  2 adders
  4 dart slugs
  4 orcs
  3 endoplasms
  2 giant cockroaches (D:1)
  A goblin (D:1)
  A hobgoblin (D:3)
  5 kobolds
  A quokka (D:3)
  2 ball pythons (D:1)
  A bat (D:1)
  3 frilled lizards
  A rat (D:3)
32 creatures vanquished.

Notes
Turn   | Place    | Note
-------+----------+-------------------------------------------
     0 | D:1      | Esekla the Vine Stalker Warper began the quest for the Orb.
     0 | D:1      | Reached XP level 1. HP: 11/11 MP: 4/4
   226 | D:1      | Reached XP level 2. HP: 15/15 MP: 6/6
   264 | D:1      | Learned a level 2 spell: Blink
   508 | D:2      | Noticed Sigmund
   742 | D:2      | Reached XP level 3. HP: 17/18 MP: 7/7
   932 | D:3      | Noticed Jessica
   952 | D:3      | Killed Jessica
   953 | D:3      | Reached XP level 4. HP: 23/23 MP: 9/9
  1258 | D:3      | Found a faded altar of an unknown god.
  1566 | D:3      | Reached skill level 1 in Throwing
  1571 | D:3      | You fall into a shaft and drop 3 floors!
  1629 | D:5      | Entered Level 5 of the Dungeon
  1660 | D:6      | Killed from afar by an orc priest

Illustrated notes

Levels and vault maps discovered:
D:1:      ebering_hopf_link, layout_basic, bh_walls_and_bars
D:2:      wander_river, layout_loops_cross, uniq_terence, uniq_sigmund
D:3:      wad_pebble_path, layout_basic, shapermc_ecumenical_altar_ellora,
          uniq_jessica
D:4:      layout_basic, minmay_temple_entry_trees, moated_statue
D:5:      layout_loops_ring, serial_aquarium, aquarium_bridge_square
          [aquarium_subvault_bridge, aquarium_subvault_wall,
          aquarium_subvault_wall, aquarium_subvault_bridge], aquarium_window_1,
          aquarium_window_2, aquarium_view_2d, aquarium_view_2b,
          aquarium_balcony_5b
D:6:      minmay_chambers_of_threes, layout_loops_corners, uniq_duvessa

Skill      XL: |  1  2  3  4 |
---------------+-------------+-----
Long Blades    | 2 |  2.6
Fighting       | 2 |  2.4
Dodging        | 2 |  2.1
Throwing       | 1 |  1.0
Armour         | |  0.7
Stealth        | |  0.5
Shields        | |  0.4
Spellcasting   | |  2.8
Translocations | |  3.5

Action                     |  1- 3 |  4- 6 || total
---------------------------+-------+-------++-------
  Melee: Falchion          |    87 |    16 ||   103
         Bite              |    21 |    13 ||    34
         Long sword        |       |    26 ||    26
  Throw: Dart              |       |     1 ||     1
    Use: Scroll            |       |     1 ||     1
 Armour: Leather armour    |    10 |       ||    10
         Robe              |    39 |    26 ||    65
  Dodge: Dodged            |    55 |    28 ||    83
  Block: Buckler           |       |    10 ||    10
